AoeStats
← Onkel_Phil

Pilgrims

507492983Analyzed
4v4 RM · 15d ago on Sep 18, 2026· 15m 19s· 8 players
Game mode
Random Map
Map size
Large (8 player)
Population
200
Speed
Normal
Resources
Standard
Victory
Conquest
Starting age
Dark Age
Ending age
Imperial Age
RankedLock teamsTeams togetherTeam positionsShared explorationLock speedFull tech treeHidden civsTurbo modeCheats
Victory
Defeat
🇩🇪 Romans · Germany
596
+20
🇹🇷 Turks · Türkiye
566
+21
🇫🇷 Huns · France
559
+21
🇮🇹 Turks · Italy
553
+22
🇨🇳 Japanese · China
750
-23
🇧🇷 Persians · Brazil
727
-23
🇨🇳 Turks · China
695
-22
🇨🇳 Jurchens · China
551
-16
armand.clement.1234
1:41 Loom
16:18 Feudal Age
☾☆ KaaN ☯
15:02 Feudal Age
15:05 Man-at-Arms
Onkel_Phil
14:13 Feudal Age
14:16 Man-at-Arms
15:32 Horse Collar
15:49 Gold Mining
Davide FIR
菜酱
skiopnado
Elite Savage
Dolfisgamer
Connection lost

Rejoining the realm…

Still unreachable

The connection could not be restored.

Session expired

The server has moved on; the page needs a fresh start.